 Dungeon Sprint DCSS version 0.31-a0-1074-g0b22e4e0f1 (webtiles) character file.

Game seed: 17141716932595059746

351 rocky1 the Ruffian (level 6, -2/66 HPs)
             Began as a Troll Shapeshifter on Dec 1, 2023.
             Was a Priest of Cheibriados.
             Slain by a queen bee (7 damage)
             ... in the Dungeon (Sprint IV: "Fedhas' Mad Dash").
             The game lasted 00:02:34 (1184 turns).

rocky1 the Ruffian (Troll Shapeshifter)             Turns: 1184, Time: 00:02:35

Health: -2/66      AC:  4    Str: 31    XL:     6   Next: 34%
Magic:  7/7        EV: 10    Int: 14    God:    Cheibriados [***...]
Gold:   127        SH:  0    Dex: 19    Spells: 5/5 levels left

rFire   . .          .
                       - Unarmed
rCold   . . .        (no shield)
rNeg    . . .        a - +0 animal skin
rPois   .            (helmet currently unavailable)
rElec   .            (cloak currently unavailable)
rCorr   .            (gloves unavailable)
SInv    .            (boots unavailable)
Will    .....        l - amulet of invisibility {+Inv}
Stlth   +++          (no ring)
HPRegen 1.11/turn    (no ring)
MPRegen 0.10/turn

%: no teleportation
@: lethally poisoned (-2 -> -5), beast-form, very slightly contaminated, very
slow
A: beast (slay +3), large, unfitting armour, claws 3, regeneration 1, shaggy fur
1, tough skin 1
a: Begin Untransformation, Renounce Religion, Evoke Invisibility, Bend Time,
Temporal Distortion


You were in the Dungeon.
You worshipped Cheibriados.
Cheibriados was most pleased with you.
You were a hulking beast.
You visited 1 branch You collected 127 gold pieces.

Inventory:

Armour
 a - a +0 animal skin (worn)
Jewellery
 l - the amulet of invisibility (around neck) {+Inv}
   (You found it in the Dungeon)

   [amulet of nothing]

   +Inv:      It lets you turn invisible.
 m - an amulet of reflection
Talismans
 c - a beast talisman
 d - a flux talisman
Scrolls
 k - a scroll of enchant armour {unknown}
Potions
 b - a potion of lignification
 f - a potion of heal wounds
 g - a potion of haste
 h - 2 potions of magic
 i - a potion of berserk rage


   Skills:
 + Level 5.2 Fighting
 - Level 1.5 Dodging
 * Level 3.9 Stealth
 + Level 7.0 Unarmed Combat
 + Level 3.0 Invocations
 + Level 2.4 Evocations
 + Level 6.4 Shapeshifting


You had 5 spell levels left.
You didn't know any spells.
Your spell library contained the following spells:

 Spells                   Type           Power      Damage    Failure   Level
 Tukima's Dance           Hex            0%         N/A       65%         3
 Passage of Golubria      Tloc           0%         N/A       96%         4
 Yara's Violent Unravell  Hex/Tmut       0%         3d3       100%        5


Dungeon Overview and Level Annotations

Branches:
Dungeon (1/1)

Altars:
Cheibriados
Dithmenos
Elyvilon
Gozag
Hepliaklqana
Kikubaaqudgha
Makhleb
Nemelex Xobeh
Okawaru
Qazlal
Ru
Sif Muna
Trog
Uskayaw
Vehumet
Wu Jian
Xom
Yredelemnul
Zin
The Shining One
Jiyva
Lugonu

Shops:
D =(


Innate Abilities, Weirdness & Mutations

You are a hulking beast.
Your limbs bulge with bestial killing power. (Slay +3)
You are too large for most types of armour.
You have claws for hands.
Your natural rate of healing is unusually fast.
You are covered in fur. (AC +1)
You have tough skin. (AC +1)


Message History

The killer bee closely misses you.
The killer bee rages.
You scratch the killer bee.
The killer bee is lightly wounded.
The killer bee stings you!
The killer bee rages.
The killer bee misses you.
The killer bee stings you but does no damage.
You miss the killer bee.
The killer bee is lightly wounded.
The killer bee stings you. x2
The killer bee rages.
The killer bee stings you. x2; The killer bee misses you.
You claw the killer bee!
The killer bee is heavily wounded.
The killer bee stings you. The killer bee closely misses you. x2
The killer bee stings you but does no damage.
You miss the killer bee.
The killer bee is heavily wounded.
The killer bee stings you! The killer bee stings you.
* * * LOW HITPOINT WARNING * * *
You are poisoned.
The killer bee poisons you! The killer bee barely misses you.
The killer bee stings you.
* * * LOW HITPOINT WARNING * * *
You completely miss the queen bee.
The queen bee is heavily wounded.
You feel sick. The killer bee barely misses you.
The killer bee closely misses you.
Unknown command.
You claw the killer bee!
You kill the killer bee!
Cheibriados thoroughly appreciates the change of pace.
Cheibriados raises the support of your attributes as your movement slows. x2
You feel sick. The killer bee stings you!
* * * LOW HITPOINT WARNING * * *
You are more poisoned.
The killer bee poisons you! The killer bee closely misses you.
The queen bee stings you!
You die...

#########################
#<..P#.....#.....#.⌠._._.
#PP..'.÷...'.#...'.._._._
#PPPP#.....#.#...#..._._.
###############'##.._._._
#...♣..yh....'...#._._._.
#......♣yy...#...########
#.....♣..♣..######
##+####+#####


You could see a queen bee and 2 killer bees.

Vanquished Creatures
  2 scorpions (D)
  2 killer bees (D)
  4 oklob saplings (D)
  2 spriggans (D)
  A river rat (D)
  A rat (D)
12 creatures vanquished.

Notes
Turn   | Place    | Note
-------+----------+-------------------------------------------
     0 | D        | rocky1 the Troll Shapeshifter began the quest for the Orb.
     0 | D        | Reached XP level 1. HP: 18/18 MP: 0/0
    12 | D        | Reached skill level 1 in Fighting
    12 | D        | Reached skill level 1 in Stealth
    12 | D        | Reached XP level 2. HP: 7/28 MP: 1/1
   236 | D        | Noticed an oklob sapling
   239 | D        | Killed an oklob sapling
   240 | D        | Reached skill level 4 in Unarmed Combat
   240 | D        | Reached XP level 3. HP: 36/36 MP: 2/2
   242 | D        | Noticed a scorpion
   242 | D        | Found the amulet of invisibility {+Inv}
   248 | D        | Killed a scorpion
   249 | D        | Reached skill level 5 in Unarmed Combat
   249 | D        | Reached XP level 4. HP: 40/45 MP: 3/3
   277 | D        | Found an opulent altar of Gozag.
   277 | D        | Found a hazy altar of Hepliaklqana.
   277 | D        | Found a burning altar of Makhleb.
   277 | D        | Found a sparkling altar of Nemelex Xobeh.
   277 | D        | Found a snail-covered altar of Cheibriados.
   277 | D        | Found a sacrificial altar of Ru.
   277 | D        | Found a shimmering blue altar of Sif Muna.
   277 | D        | Found a shimmering altar of Xom.
   277 | D        | Found a basalt altar of Yredelemnul.
   278 | D        | Found a viscous altar of Jiyva.
   278 | D        | Found a bloodstained altar of Trog.
   278 | D        | Found an ornate altar of the Wu Jian Council.
   279 | D        | Found an iron altar of Okawaru.
   279 | D        | Found a shadowy altar of Dithmenos.
   279 | D        | Found a glowing silver altar of Zin.
   280 | D        | Found an ancient bone altar of Kikubaaqudgha.
   280 | D        | Found a hide-covered altar of Uskayaw.
   281 | D        | Found a stormy altar of Qazlal.
   281 | D        | Found a white marble altar of Elyvilon.
   281 | D        | Found a glowing golden altar of the Shining One.
   282 | D        | Found a corrupted altar of Lugonu.
   282 | D        | Found a radiant altar of Vehumet.
   289 | D        | Reached skill level 5 in Shapeshifting
   289 | D        | Reached XP level 5. HP: 54/54 MP: 4/4
   710 | D        | Became a worshipper of Cheibriados the Contemplative
   738 | D        | Reached skill level 6 in Unarmed Combat
   738 | D        | Reached skill level 1 in Invocations
   967 | D        | Reached * piety under Cheibriados
   968 | D        | Reached skill level 1 in Evocations
   973 | D        | Reached ** piety under Cheibriados
   974 | D        | Reached XP level 6. HP: 25/65 MP: 4/6
  1009 | D        | Found Vyufoy's Weapon Shop.
  1009 | D        | Found Araepnis's Jewellery Emporium.
  1050 | D        | Reached skill level 5 in Fighting
  1165 | D        | Noticed a queen bee
  1173 | D        | Reached *** piety under Cheibriados
  1174 | D        | Reached skill level 7 in Unarmed Combat
  1184 | D        | Slain by a queen bee

Illustrated notes

Levels and vault maps discovered:
D:        dungeon_sprint_fedhas [sprint_temple]

Skill      XL: |  1  2  3  4  5  6 |
---------------+-------------------+-----
Fighting       | 1 2 3 4 5 |  5.2
Stealth        | 1 2 3 |  3.9
Unarmed Combat | 4 5 6 7 |  7.0
Shapeshifting  | 4 5 6 |  6.4
Invocations    | 2 3 |  3.0
Evocations     | 2 |  2.4
Dodging        | |  1.5

Action                     |  1- 3 |  4- 6 || total
---------------------------+-------+-------++-------
  Melee: Unarmed           |    16 |    30 ||    46
         Punch             |       |     1 ||     1
Ability: Evoke Invisibilit |       |     3 ||     3
    Use: Scroll            |       |     1 ||     1
         Potion            |       |     1 ||     1
   Stab: Invisible         |       |     1 ||     1
         Sleeping          |       |     3 ||     3
 Armour: Animal skin       |     7 |    25 ||    32
  Dodge: Dodged            |    10 |    15 ||    25

Table legend: (Time is in decaauts)
 A = Elapsed time spent in this place.
 B = Non-inter-level travel time spent in this place.
 C = Inter-level travel time spent in this place.
 D = Time resting spent in this place.
 E = Time spent auto-exploring this place.
 F = Levels seen in this place.
 G = Mean time per level.
                   A        B        C        D        E       F      G
               +--------+--------+--------+--------+--------+-----+--------+
         Total |   1214 |   1214 |      0 |    968 |      0 |   1 | 1214.0 |
       Dungeon |   1214 |   1214 |      0 |    968 |      0 |   1 | 1214.0 |
               +--------+--------+--------+--------+--------+-----+--------+

Top non-repeatable levels by time:
       D: 1214 daAuts
